 Dungeon Crawl Stone Soup version 0.31-a0-1589-g8f5e8aebd6 (webtiles) character file.

Game seed: 3011563232636187947

225 monsoonserge the Apothecary (level 5, -6/36 HPs)
             Began as a Demonspawn Alchemist on Jan 6, 2024.
             Killed by a malign offering
             ... invoked by a burial acolyte
              (10 damage)
             ... in an ossuary.
             The game lasted 00:13:10 (2962 turns).

monsoonserge the Apothecary (Demonspawn Alchemist)  Turns: 2962, Time: 00:13:10

Health: -6/36      AC:  3    Str:  9    XL:     5   Next: 68%
Magic:  6/8        EV: 11    Int: 17    God:
Gold:   215        SH:  0    Dex: 13    Spells: 2/9 levels left

rFire   . . .        i - +3 dagger
rCold   . . .        (no shield)
rNeg    . . .        f - +0 leather armour
rPois   .            (no helmet)
rElec   .            (no cloak)
rCorr   .            (no gloves)
SInv    .            (no boots)
Will    .....        (no amulet)
Stlth   ++           (no ring)
HPRegen 0.26/turn    (no ring)
MPRegen 0.11/turn

%: no passive effects
@: marked, hasted, very quick
A: claws 1, powered by pain 1
a: no special abilities


You were in an ossuary.
You visited 1 branch of the dungeon, and saw 4 of its levels.
You also visited: Ossuary.

You collected 215 gold pieces.

Inventory:

Hand Weapons
 i - a +3 dagger (weapon)
Missiles
 g - 5 poisoned darts (quivered)
 k - 6 atropa-tipped darts
 l - 11 boomerangs
Armour
 a - a +0 robe
 f - a +0 leather armour (worn)
Scrolls
 h - 2 scrolls of identify {unknown}
 m - a scroll of fog {unknown}
 o - 2 scrolls of teleportation {unknown}
 p - a scroll of noise {unknown}
 q - a scroll of immolation {unknown}
 r - a scroll of enchant weapon {unknown}
Potions
 c - a potion of attraction {unknown}
 d - a potion of might {unknown}
 e - 2 potions of curing
 j - a potion of heal wounds {unknown}
 n - a potion of haste


   Skills:
 - Level 0.6 Fighting
 - Level 1.0 Short Blades
 + Level 2.1 Armour
 - Level 2.0 Dodging
 - Level 2.0 Stealth
 + Level 2.6 Spellcasting
 * Level 2.5 Conjurations
 * Level 1.5 Air Magic
 - Level 3.7 Alchemy


You had 2 spell levels left.
You knew the following spells:

 Your Spells              Type           Power      Damage    Failure   Level
a - Sting                 Conj/Alch      52%        1d6       7%          1
b - Mercury Vapours       Alch/Air       22%        N/A       13%         2
c - Mephitic Cloud        Conj/Alch/Air  11%        N/A       26%         3
d - Shock                 Conj/Air       36%        1d5       11%         1

Your spell library contained the following spells:

 Spells                   Type           Power      Damage    Failure   Level
 Ensorcelled Hibernation  Hex/Ice        4%         N/A       36%         2
 Swiftness                Air            7%         N/A       36%         3
 Olgreb's Toxic Radiance  Alch           15%        N/A       45%         4
 Fugue of the Fallen      Necr           2%         N/A       58%         3
 Tukima's Dance           Hex            2%         N/A       58%         3
 Sticky Flame             Fire/Alch      8%         2d4       75%         4
 Airstrike                Air            3%         2d(1-17)  78%         4
 Anguish                  Hex/Necr       1%         N/A       94%         4
 Passage of Golubria      Tloc           2%         N/A       94%         4
 Yara's Violent Unravell  Hex/Alch       4%         3d4       97%         5


Dungeon Overview and Level Annotations

Branches:
Dungeon (4/15)            Ossuary (1/1)
 Temple: D:4-7

Altars:
Hepliaklqana
Xom


Innate Abilities, Weirdness & Mutations

You have sharp fingernails.
You sometimes gain a little power by taking damage.


Message History

The zap hits the burial acolyte.
The burial acolyte is moderately wounded.
The burial acolyte recites a funeral chant.
The orc zombie is empowered.
The mummy is empowered.
The orc zombie hits you but does no damage.
Casting: Shock (safe; 11% risk of failure)
Confirm with . or Enter, or press ? or * to list all spells.
Aiming: Shock (safe; 11% risk of failure)
Press: ? - help, Shift-Dir - straight line, f/p - orc zombie
Aim: an orc zombie (heavily damaged, strong, covering ground quickly, 89% to hit)
The zap hits the orc zombie.
The orc zombie is almost destroyed.
The zap misses the burial acolyte.
Okay, then.
It was a potion of haste.
You feel yourself speed up.
Okay, then.
Magic courses through your body.
The orc zombie no longer looks unusually strong.
The orc zombie is no longer moving quickly.
Casting: Shock (safe; 11% risk of failure)
Confirm with . or Enter, or press ? or * to list all spells.
Aiming: Shock (safe; 11% risk of failure)
Press: ? - help, Shift-Dir - straight line, f/p - orc zombie
Aim: an orc zombie (almost destroyed, strong, covering ground quickly, 89% to hit)
The zap misses the burial acolyte.
The zap hits the orc zombie.
You destroy the orc zombie!
The burial acolyte hits you with a +0 dagger.
* * * LOW HITPOINT WARNING * * *
Casting: Shock (safe; 11% risk of failure)
Confirm with . or Enter, or press ? or * to list all spells.
Aiming: Shock (safe; 11% risk of failure)
Press: ? - help, Shift-Dir - straight line, f - orc zombie
Aim: an orc zombie (89% to hit)
The zap hits the burial acolyte.
The burial acolyte is heavily wounded.
The zap hits the orc zombie.
The orc zombie is lightly damaged.
The burial acolyte utters a dark prayer and points at you.
Your life force is offered up.
You die...

### ###.###
?.?.! ..! #.#
#@# ###p###
##ZM...##
##.....Z.##
..'Z........'..
#.'....⌠....'.#
..'.........'.Z
.###.......###.
##.....##


You could see a mummy, a burial acolyte and an elf zombie.

Vanquished Creatures
  A burial acolyte (Ossuary)
  An orc priest (D:3)
  A jelly (D:4)
  2 mummies (Ossuary)
  4 adders
  A ribbon worm zombie (D:4)
  4 orcs (D:3)
  4 ball pythons (D:3)
  4 endoplasms
  3 giant cockroaches
  3 goblins (D:2)
  6 hobgoblins
  6 jackals (D:1)
  2 quokkas (D:2)
  2 bats
  A jackal zombie (D:4)
  3 kobolds
  An orc zombie (Ossuary)
  2 rats
51 creatures vanquished.

Notes
Turn   | Place    | Note
-------+----------+-------------------------------------------
     0 | D:1      | monsoonserge the Demonspawn Alchemist began the quest for
                  | the Orb.
     0 | D:1      | Reached XP level 1. HP: 13/13 MP: 3/3
   178 | D:1      | Gained mutation: You sometimes gain a little power by
                  | taking damage. [demonic ancestry]
   178 | D:1      | Reached XP level 2. HP: 19/19 MP: 3/5
   211 | D:1      | Learned a level 2 spell: Mercury Vapours
  1146 | D:2      | Reached skill level 1 in Armour
  1146 | D:2      | Gained mutation: You have sharp fingernails. [demonic
                  | ancestry]
  1146 | D:2      | Reached XP level 3. HP: 20/24 MP: 3/6
  1569 | D:2      | Learned a level 3 spell: Mephitic Cloud
  1669 | D:3      | Found a faded altar of an unknown god.
  1679 | D:3      | Reached XP level 4. HP: 18/30 MP: 7/7
  1700 | D:3      | Reached skill level 1 in Air Magic
  1840 | D:3      | Reached skill level 1 in Short Blades
  2564 | D:3      | Found a shimmering altar of Xom.
  2565 | D:3      | Found a hazy altar of Hepliaklqana.
  2565 | D:3      | Noticed a hell beast
  2566 | D:3      | Noticed a spectral ugly thing
  2566 | D:3      | Noticed a hell beast
  2687 | D:4      | Learned a level 1 spell: Shock
  2711 | D:4      | Noticed a black bear
  2819 | D:4      | Found a sand-covered staircase.
  2861 | D:4      | Reached XP level 5. HP: 28/36 MP: 0/8
  2914 | Ossuary  | Entered an ossuary
  2962 | Ossuary  | Killed from afar by a burial acolyte

Illustrated notes

Levels and vault maps discovered:
D:1:      roadster_arrival_rocket_large, layout_basic
D:2:      layout_rooms
D:3:      layout_loops_corners, regret_index_temple_of_mockery,
          nicolae_ecumenical_snake_handling
D:4:      layout_layer_cave, kennysheep_mini_moat, enter_ossuary_3
Ossuary:  ossuary_crypta

Skill      XL: |  1  2  3  4 |
---------------+-------------+-----
Armour         | 1 2 |  2.1
Stealth        | 2 |  2.0
Dodging        | 2 |  2.0
Air Magic      | 1 |  1.5
Short Blades   | 1 |  1.0
Conjurations   | 2 |  2.5
Fighting       | |  0.6
Spellcasting   | |  2.6
Alchemy        | |  3.7

Action                     |  1- 3 |  4- 6 || total
---------------------------+-------+-------++-------
  Melee: Club              |    14 |       ||    14
         Punch             |     2 |     1 ||     3
         Dagger            |   112 |    42 ||   154
   Cast: Sting             |    35 |    17 ||    52
         Mercury Vapours   |     1 |       ||     1
         Shock             |       |    28 ||    28
    Use: Potion            |       |     3 ||     3
   Stab: Sleeping          |     1 |       ||     1
 Armour: Robe              |    11 |       ||    11
         Leather armour    |    50 |    42 ||    92
  Dodge: Dodged            |    50 |    35 ||    85

Table legend: (Time is in decaauts)
 A = Elapsed time spent in this place.
 B = Non-inter-level travel time spent in this place.
 C = Inter-level travel time spent in this place.
 D = Time resting spent in this place.
 E = Time spent auto-exploring this place.
 F = Levels seen in this place.
 G = Mean time per level.
                   A        B        C        D        E       F      G
               +--------+--------+--------+--------+--------+-----+--------+
         Total |   2960 |   2811 |    149 |    441 |   1303 |   5 |  592.0 |
       Dungeon |   2913 |   2764 |    149 |    429 |   1303 |   4 |  728.2 |
       Ossuary |     47 |     47 |      0 |     12 |      0 |   1 |   47.0 |
               +--------+--------+--------+--------+--------+-----+--------+

Top non-repeatable levels by time:
     D:3: 1104 daAuts
     D:1: 1015 daAuts
     D:2: 561 daAuts
     D:4: 232 daAuts
 Ossuary: 47 daAuts
